 Dungeon Crawl Stone Soup version 0.30-a0-777-ga9a30cbeda (webtiles) character file.

Game seed: 16331991560153796172

375 bande the Covered (level 6, -9/39 HPs)
             Began as a Gargoyle Fighter on Feb 14, 2023.
             Killed by divine providence
             ... invoked by an orc priest
              (16 damage)
             ... on level 4 of the Dungeon.
             The game lasted 00:05:06 (3148 turns).

bande the Covered (Gargoyle Fighter)                Turns: 3148, Time: 00:05:06

Health: -9/39      AC: 16    Str: 20    XL:     6   Next: 72%
Magic:  6/6        EV:  2    Int:  4    God:
Gold:   177        SH: 22    Dex: 11    Spells: 5/5 levels left

rFire   + . .      SeeInvis .    a - +1 war axe
rCold   + . .      Faith    .    f - +10 tower shield of Ignorance {rN+ Int-4}
rNeg    + + .      Spirit   .    h - +0 plate armour
rPois   ∞          Reflect  .    (no helmet)
rElec   +          Harm     .    e - scarf {rC+ rF+}
rCorr   .          Rampage  .    (no gloves)
Will    .....                    (no boots) Stlth
                                 (no amulet)
HPRegen 0.26/turn                (no ring)
MPRegen 0.10/turn                (no ring)

@: no status effects
A: sickness immunity, AC +4, negative energy resistance 1, electricity
resistance, torment resistance 1, petrification resistance
a: no special abilities


You were on level 4 of the Dungeon.
You visited 1 branch of the dungeon, and saw 4 of its levels.

You collected 177 gold pieces.

Inventory:

Hand Weapons
 a - a +1 war axe (weapon)
Armour
 b - a +0 ring mail of fire resistance
 e - a scarf of resistance (worn)
 f - the +10 tower shield of Ignorance (worn) {rN+ Int-4}
   (You acquired it on level 3 of the Dungeon)

   Int:       It affects your intelligence (-4).
   rN:        It protects you from negative energy.
 h - a +0 plate armour (worn)
Potions
 d - a potion of might
 i - a potion of heal wounds
 k - a potion of invisibility {unknown}
 l - a potion of haste
 n - 2 potions of mutation
 o - a potion of magic {unknown}


   Skills:
 + Level 4.4 Fighting
 + Level 4.2 Axes
 + Level 4.7 Armour
 + Level 4.5 Shields


You had 5 spell levels left.
You didn't know any spells.
Your spell library contained the following spells:

 Spells                   Type           Power      Damage    Failure   Level
 Ensorcelled Hibernation  Hex/Ice        0%         N/A       100%        2
 Passwall                 Tmut/Erth      0%         N/A       100%        2
 Swiftness                Air            0%         N/A       100%        3


Dungeon Overview and Level Annotations

Branches:
Dungeon (4/15)
 Temple: D:4-7

Altars:


Innate Abilities, Weirdness & Mutations

You are immune to sickness and miasma.
Your stone body is resilient. (AC +4)
You are immune to poison.
You resist negative energy. (rN+)
You are resistant to electric shocks. (rElec)
You are resistant to unholy torment.
You are immune to petrification.


Message History

You kill the orc!
You hit the orc. You closely miss the orc priest.
You block the orc priest's attack. You block the orc's attack.
You block the orc priest's attack.
The orc priest mumbles some strange prayers to Beogh against you.
Beogh smites you!
* * * LOW HITPOINT WARNING * * *
You are too injured to fight recklessly!
You are too injured to fight recklessly!
You are too injured to fight recklessly!
You are too injured to fight recklessly!
You are too injured to fight recklessly!
You are too injured to fight recklessly!
You are too injured to fight recklessly!
You are too injured to fight recklessly!
You are too injured to fight recklessly!
Unknown command.
You closely miss the orc. You barely miss the orc priest. You hit the orc.
You closely miss the orc priest. The orc hits you but does no damage.
You block the orc's attack. The orc priest completely misses you.
The orc priest barely misses you. You block the orc priest's attack.
The orc hits you but does no damage. The orc hits you with a +0 club.
* * * LOW HITPOINT WARNING * * *
You block the orc priest's attack.
You slash the orc!
You kill the orc!
You barely miss the orc priest. You closely miss the orc.
You barely miss the orc priest. The orc hits you but does no damage.
You block the orc priest's attack. x2
The orc priest hits you with a +1 dagger of speed.
* * * LOW HITPOINT WARNING * * *
The orc priest hits you but does no damage.
The orc hits you but does no damage.
Unknown command.
The orc priest hits you with a +1 dagger of speed.
* * * LOW HITPOINT WARNING * * *
The orc hits you but does no damage.
The orc priest calls down the wrath of Beogh upon you.
Beogh smites you!
You die...

..#.# ##.#.###
...#...### ###.........
#...........
#........... #.......#
######## ..##..o@o..#
#......# .....[).o..#
#......#
..##....#########......#
#.....†.......'......#
#.......#######......#
#.......###..........#
#.<.###...+..........#
#.....#...#......#####
#.!#..)..........#


You could see 2 orc priests and an orc.

Vanquished Creatures
  Grinder (D:3)
  Natasha (D:3)
  5 adders
  A gnoll (D:1)
  4 worms
  3 dart slugs (D:1)
  7 orcs
  3 bats
  3 endoplasms
  2 giant cockroaches
  5 goblins
  6 hobgoblins
  8 jackals
  7 kobolds
  4 quokkas
  6 ball pythons
  3 frilled lizards
  2 rats
71 creatures vanquished.

Notes
Turn   | Place    | Note
-------+----------+-------------------------------------------
     0 | D:1      | bande the Gargoyle Fighter began the quest for the Orb.
     0 | D:1      | Reached XP level 1. HP: 14/14 MP: 1/1
   254 | D:1      | Reached XP level 2. HP: 19/19 MP: 2/2
   397 | D:1      | Reached XP level 3. HP: 7/23 MP: 3/3
   701 | D:1      | Found a faded altar of an unknown god.
  1248 | D:2      | Reached XP level 4. HP: 28/29 MP: 4/4
  2177 | D:3      | Noticed Grinder
  2179 | D:3      | Noticed Natasha
  2184 | D:3      | Paralysed by Grinder for 3 turns
  2190 | D:3      | Killed Natasha
  2190 | D:3      | Paralysed by Grinder for 5 turns
  2191 | D:3      | Reached XP level 5. HP: 18/33 MP: 5/5
  2203 | D:3      | Paralysed by Grinder for 4 turns
  2204 | D:3      | HP: 1/33 [Grinder (3)]
  2213 | D:3      | Paralysed by Grinder for 5 turns
  2220 | D:3      | Paralysed by Grinder for 5 turns
  2233 | D:3      | Paralysed by Grinder for 3 turns
  2245 | D:3      | Killed Grinder
  2246 | D:3      | Reached XP level 6. HP: 4/39 MP: 6/6
  2760 | D:3      | Identified a scroll of acquirement
  2760 | D:3      | Acquired the +10 tower shield of Ignorance {rN+ Int-4}
  2760 | D:3      | Found the +10 tower shield of Ignorance {rN+ Int-4}
  3148 | D:4      | Killed from afar by an orc priest

Illustrated notes

Levels and vault maps discovered:
D:1:      dpeg_arrival_long_road, layout_loops_ring,
          ebering_ecumenical_altar_hall, minmay_surrounded
D:2:      layout_loops_ring
D:3:      layout_basic, uniq_grinder, uniq_natasha
D:4:      layout_basic, mainiacjoe_overflow_six_doors_small,
          minmay_temple_entry_proselytizer

Skill      XL: |  1  2  3  4  5 |
---------------+----------------+-----
Axes           | 2 3 4 |  4.2
Armour         | 4 |  4.7
Fighting       | 4 |  4.4
Shields        | 4 |  4.5

Action                     |  1- 3 |  4- 6 || total
---------------------------+-------+-------++-------
  Melee: War axe           |    94 |   132 ||   226
    Use: Scroll            |     4 |     5 ||     9
         Potion            |       |     4 ||     4
 Armour: Scale mail        |    52 |       ||    52
         Plate armour      |    14 |   114 ||   128
         Skin              |       |    18 ||    18
  Dodge: Dodged            |    52 |    40 ||    92
  Block: Buckler           |    24 |    27 ||    51
         Tower shield      |       |    70 ||    70

Table legend: (Time is in decaauts)
 A = Elapsed time spent in this place.
 B = Non-inter-level travel time spent in this place.
 C = Inter-level travel time spent in this place.
 D = Time resting spent in this place.
 E = Time spent auto-exploring this place.
 F = Levels seen in this place.
 G = Mean time per level.
                   A        B        C        D        E       F      G
               +--------+--------+--------+--------+--------+-----+--------+
         Total |   3252 |   3225 |     27 |    602 |   1966 |   4 |  813.0 |
       Dungeon |   3252 |   3225 |     27 |    602 |   1966 |   4 |  813.0 |
               +--------+--------+--------+--------+--------+-----+--------+

Top non-repeatable levels by time:
     D:3: 1489 daAuts
     D:1: 1001 daAuts
     D:2: 679 daAuts
     D:4: 82 daAuts
